 Dungeon Crawl Stone Soup version 0.25.1-2-g60ff931df9 (webtiles) character file.

Game seed: 15239720254901240876

19 raphaelitos the Magician (level 2, 0/22 HPs)
             Began as a Deep Elf Air Elementalist on Nov 16, 2020.
             Succumbed to an adder's poison
             ... on level 2 of the Dungeon.
             The game lasted 00:02:21 (755 turns).

raphaelitos the Magician (Deep Elf Air Elementalist) Turns: 755, Time: 00:02:21

Health: 0/22       AC: 21    Str:  5    XL:     2   Next: 55%
Magic:  5/8        EV:  2    Int: 19    God:
Gold:   5          SH:  0    Dex: 15    Spells: 5/8 levels left

rFire    . . .     SeeInvis .   b - +0 dagger
rCold    . . .     Gourm    .   (no shield)
rNeg     + + +     Faith    .   (armour currently unavailable)
rPois    +         Spirit   .   (helmet currently unavailable)
rElec    .         Reflect  .   (cloak currently unavailable)
rCorr    .         Harm     .   (gloves currently unavailable)
MR       .....     NoTele   +   (boots currently unavailable)
Stlth    +++.......             (no amulet)
HPRegen  0.07/turn              g - ring of stealth
MPRegen  0.11/turn              (no ring)

@: lethally poisoned (0 -> -8), sluggish, tree-form, very slow
A: no striking features
a: no special abilities


You were on level 2 of the Dungeon.
You were not hungry.
You were a tree.
You visited 1 branch of the dungeon, and saw 2 of its levels.

You collected 5 gold pieces.

Inventory:

Hand Weapons
 b - a +0 dagger (weapon)
Armour
 a - a +0 robe (melded)
Jewellery
 g - a ring of stealth (left branch)
Potions
 h - a potion of ambrosia {unknown}
Comestibles
 c - 2 rations
 f - 2 chunks of flesh


   Skills:
 + Level 2.4 Dodging
 + Level 2.5 Stealth
 + Level 3.5 Spellcasting
 + Level 1.3 Conjurations
 + Level 3.4 Air Magic


You had 5 spell levels left.
You knew the following spells:

 Your Spells              Type           Power        Failure   Level  Hunger
a - Shock                 Conj/Air       ##..         5%          1    None
b - Swiftness             Chrm/Air       #.......     11%         2    ##.....

Your spell library contained the following spells:

 Spells                   Type           Power        Failure   Level  Hunger
 Static Discharge         Conj/Air       ##......     16%         3    ###....
 Airstrike                Air            ###.......   34%         4    ####...
 Lightning Bolt           Conj/Air       ##........   83%         5    ######.


Dungeon Overview and Level Annotations

Branches:
Dungeon (2/15)

Altars:


Message History

Your +0 robe melds into your body.
Your roots penetrate the ground.
* * * LOW HITPOINT WARNING * * *
You feel sick. The adder barely misses you.
The adder bites you but does no damage. The adder barely misses you.
The quokka twitches its whiskers.
Quiver which item? (- for none, * to show all) (? for menu, Esc to quit)
Quivering
e - a scroll labeled ZIUNTE CIAHENAEW for throwing.
Unknown command.
Unknown command.
As you read the scroll labeled ZIUNTE CIAHENAEW, it crumbles to dust.
The scroll dissolves into smoke.
It was a scroll of fog.
The adder bites you but does no damage. x2
You miss the adder.
The adder is heavily wounded.
* * * LOW HITPOINT WARNING * * *
You feel sick.
The adder bites you but does no damage. x2
You hit the adder.
The adder is severely wounded.
You feel sluggish.
You die...

###....
.).#.#####.#
####........#.#
...........#.#
# #........#.#
##.#........#.#
#...........#§#
#..#........#S#
#..#.......g#♣#
#........($r#S#
#####.......#r#
........g.gg#
###.......###
....#≈####
###..≈≈# ###.≈#
#.#


You could see 2 adders and a quokka.

Vanquished Creatures
  A giant cockroach (D:1)
  3 goblins (D:1)
  2 hobgoblins (D:1)
  A ball python (D:1)
  3 bats (D:1)
  6 kobolds (D:1)
  2 rats (D:1)
18 creatures vanquished.

Notes
Turn   | Place    | Note
-------+----------+-------------------------------------------
     0 | D:1      | raphaelitos the Deep Elf Air Elementalist began the quest
                  | for the Orb.
     0 | D:1      | Reached XP level 1. HP: 10/10 MP: 6/6
    99 | D:1      | Reached XP level 2. HP: 5/15 MP: 0/8
   429 | D:1      | Learned a level 2 spell: Swiftness
   754 | D:2      | HP: 1/22 [poisoned by an adder]
   755 | D:2      | Succumbed to an adder's poison

Illustrated notes

Levels and vault maps discovered:
D:1:      nicolae_arrival_memento_mori, layout_rooms
D:2:      layout_basic, old_standard_altar, zin_academy,
          hangedman_abyss_or_decor_lesser_grid, chequers_serial_rivers_small_b,
          minmay_circle_x

Action                   || total
-------------------------++-------
Melee: Dagger            ||    14
 Cast: Shock             ||    31
       Swiftness         ||     1
  Use: Scroll            ||     1
       Potion            ||     1
Armor: Robe              ||     5
       Skin              ||     5
Dodge: Dodged            ||    15
